 Dungeon Sprint DCSS version 0.28-a0-863-g8cecda6153 (webtiles) character file.

Game seed: 16282180822293773939

1314 emperorscorpion the Thaumaturge (level 8, -3/55 HPs)
             Began as a Djinni Air Elementalist on Nov 18, 2021.
             Was a Believer of Makhleb.
             Slain by a cyclops (20 damage)
             ... in the Dungeon (Sprint IX: "|||||||||||||||||||||||||||||").
             The game lasted 00:05:50 (1228 turns).

emperorscorpion the Thaumaturge (DjAE)              Turns: 1228, Time: 00:05:51

Health: -3/55      AC:  9    Str:  7    XL:     8   Next: 89%
Gold:   0          EV: 14    Int: 22    God:    Makhleb [**....] SH:  0 Dex: 17

rFire   + + .      SeeInvis .   i - +2 rapier (drain)
rCold   x . .      Faith    .   (no shield)
rNeg    . . .      Spirit   .   o - +0 acid dragon scales
rPois   ∞          Reflect  .   (no helmet)
rElec   .          Harm     .   k - +0 cloak
rCorr   +          Rampage  .   (no gloves)
Will    .....      NoTele   +   (boots unavailable)
Stlth   +++.......              (no amulet)
HPRegen 0.18/turn               m - +3 ring of intelligence
MPRegen 0.00/turn               n - +3 ring of dexterity

@: flying
A: sickness immunity, fire resistance 2, cold vulnerability 1, float, innate
caster, hp casting, extra vitality 1
a: Renounce Religion, Minor Destruction


You were in the Dungeon.
You worshipped Makhleb.
Makhleb was pleased with you.
You visited 1 branch

Inventory:

Hand Weapons
 i - a +2 rapier of draining (weapon)
 j - a +2 scimitar of holy wrath
Armour
 a - a +0 robe
 k - a +0 cloak (worn)
 l - a +1 chain mail
 o - +0 acid dragon scales (worn)
Jewellery
 m - a +3 ring of intelligence (left hand)
 n - a +3 ring of dexterity (right hand)
Wands
 h - a wand of acid (1)
Potions
 b - 5 potions of curing
 c - a potion of invisibility
 d - a potion of haste
 e - a potion of berserk rage
 g - a potion of heal wounds


   Skills:
 + Level 2.5 Fighting
 + Level 1.8 Short Blades
 * Level 7.5 Armour
 + Level 6.3 Dodging
 + Level 4.6 Stealth
 + Level 10.0 Spellcasting
 * Level 7.6 Invocations
 + Level 2.4 Evocations


You had 11 spell levels left.
You knew the following spells:

 Your Spells              Type           Power      Damage    Failure   Level
a - Shock                 Conj/Air       100%       1d9       1%          1
b - Static Discharge      Conj/Air       53%        N/A       1%          2
c - Swiftness             Air            53%        N/A       1%          3
d - Airstrike             Air            26%        N/A       1%          4
e - Foxfire               Conj/Fire      100%       2x1d9     1%          1
f - Ensorcelled Hibernat  Hex/Ice        100%       N/A       1%          2
g - Lesser Beckoning      Tloc           53%        N/A       1%          3
Your spell library was empty.

Dungeon Overview and Level Annotations

Branches:
Dungeon (1/1)

Altars:
Cheibriados
Dithmenos
Elyvilon
Fedhas
Gozag
Hepliaklqana
Kikubaaqudgha
Makhleb
Nemelex Xobeh
Okawaru
Qazlal
Ru
Sif Muna
Trog
Uskayaw
Vehumet
Wu Jian
Xom
Yredelemnul
Zin
The Shining One
Beogh
Jiyva
Lugonu


Innate Abilities, Weirdness & Mutations

You are immune to sickness and miasma.
You are immune to poison.
Your flesh is very heat resistant. (rF++)
You are vulnerable to cold. (rC-)
You float through the air rather than walking.
You learn spells naturally, not from books.
Your magical power is your life essence.
You have superior vitality. (+4 HP)


Message History

You reach down and close the door, pushing everything out of the way.
You see here a +2 dagger of pain.
There is an open door here.
You reach down and close the door.
There is an open door to the Dungeon here.
You reach down and close the door.
You start resting.
A cyclops opens the door.
Press: ? - help, v - describe, . - travel
Here: a cyclops, quivering large rocks (wandering, hasn't noticed you)
The floor.
Casting: Airstrike (dangerous; 1% risk of failure)
Confirm with . or Enter, or press ? or * to list all spells.
Aiming: Ensorcelled Hibernation (safe; 1% risk of failure)
Press: ? - help, Shift-Dir - straight line, f - cyclops
Aim: a cyclops, quivering large rocks (wandering, hasn't noticed you, chance to affect: 55%)
The cyclops shouts!
The cyclops resists with some effort.
The cyclops throws a large rock.
The large rock barely misses you.
Casting: Ensorcelled Hibernation (safe; 1% risk of failure)
Confirm with . or Enter, or press ? or * to list all spells.
Aiming: Ensorcelled Hibernation (safe; 1% risk of failure)
Press: ? - help, Shift-Dir - straight line, f/p - cyclops
Aim: a cyclops, quivering large rocks (chance to affect: 55%)
The cyclops looks drowsy...
There is an open door to the Dungeon here.
The helpless cyclops fails to defend itself.
You puncture the cyclops! You drain the cyclops.
The cyclops is moderately wounded.
The cyclops hits you!!
Casting: Ensorcelled Hibernation (safe; 1% risk of failure)
Confirm with . or Enter, or press ? or * to list all spells.
The cyclops is struck by an arc of lightning.
The cyclops is heavily wounded.
You are struck by an arc of lightning.
The cyclops is struck by an arc of lightning.
The cyclops is heavily wounded.
You are struck by an arc of lightning.
The lightning grounds out.
The cyclops hits you!!
You die...

▓▓▓
▓<▓
▓.▓
▓.▓
▓.▓
▓@▓
▓C▓
▓.▓
▓.▓
▓.▓
▓.▓
▓'▓
▓)▓
▓.▓


You could see a cyclops (drained).

Vanquished Creatures
  A komodo dragon (D)
  3 trolls (D)
  2 acid dragons (D)
  A centaur (D)
  A scorpion (D)
  An iguana (D)
  An orc wizard (D)
  An orc (D)
  A bat (D)
  An endoplasm (D)
  A giant cockroach (D)
  A hobgoblin (D)
  A ball python (D)
  A ball python zombie (D)
  A giant cockroach zombie (D)
  A quokka zombie (D)
19 creatures vanquished.

Notes
Turn   | Place    | Note
-------+----------+-------------------------------------------
     0 | D        | emperorscorpion the Djinni Air Elementalist began the quest
                  | for the Orb.
     0 | D        | Reached XP level 1. HP: 15/15 MP: 0/0
     9 | D        | Reached skill level 1 in Armour
     9 | D        | Reached skill level 3 in Spellcasting
     9 | D        | Reached skill level 1 in Invocations
     9 | D        | Reached XP level 2. HP: 14/21 MP: 0/0
   100 | D        | Noticed a scorpion
   104 | D        | Killed a scorpion
   105 | D        | Reached skill level 4 in Spellcasting
   105 | D        | Reached XP level 3. HP: 2/25 MP: 0/0
   105 | D        | Learned a level 1 spell: Foxfire
   105 | D        | Reached XP level 4. HP: 3/31 MP: 0/0
   110 | D        | Reached skill level 5 in Spellcasting
   116 | D        | Found a snail-covered altar of Cheibriados.
   116 | D        | Found a shadowy altar of Dithmenos.
   116 | D        | Found a white marble altar of Elyvilon.
   116 | D        | Found a blossoming altar of Fedhas.
   116 | D        | Found an opulent altar of Gozag.
   117 | D        | Found a hazy altar of Hepliaklqana.
   118 | D        | Found a viscous altar of Jiyva.
   120 | D        | Found a corrupted altar of Lugonu.
   121 | D        | Found a burning altar of Makhleb.
   122 | D        | Found a sparkling altar of Nemelex Xobeh.
   123 | D        | Found an iron altar of Okawaru.
   124 | D        | Found a stormy altar of Qazlal.
   125 | D        | Found a sacrificial altar of Ru.
   127 | D        | Found a bloodstained altar of Trog.
   128 | D        | Found a hide-covered altar of Uskayaw.
   129 | D        | Became a worshipper of Makhleb the Destroyer
   131 | D        | Found an ornate altar of the Wu Jian Council.
   132 | D        | Found a shimmering altar of Xom.
   133 | D        | Found a basalt altar of Yredelemnul.
   134 | D        | Found a glowing silver altar of Zin.
   135 | D        | Found a glowing golden altar of the Shining One.
   303 | D        | Noticed a troll
   303 | D        | Noticed a komodo dragon
   303 | D        | Noticed an acid dragon
   303 | D        | Noticed an acid dragon
   334 | D        | Killed a troll
   335 | D        | Reached skill level 1 in Fighting
   335 | D        | Reached skill level 5 in Armour
   335 | D        | Reached skill level 7 in Spellcasting
   335 | D        | Reached skill level 5 in Invocations
   335 | D        | Reached XP level 5. HP: 4/37 MP: 0/0
   335 | D        | Learned a level 2 spell: Ensorcelled Hibernation
   335 | D        | Reached XP level 6. HP: 4/42 MP: 0/0
   341 | D        | Killed a komodo dragon
   342 | D        | Reached skill level 5 in Dodging
   342 | D        | Reached skill level 8 in Spellcasting
   342 | D        | Reached skill level 1 in Evocations
   342 | D        | Reached XP level 7. HP: 4/47 MP: 0/0
   342 | D        | Learned a level 3 spell: Lesser Beckoning
   644 | D        | Killed an acid dragon
   644 | D        | Reached * piety under Makhleb
   818 | D        | Reached skill level 9 in Spellcasting
   897 | D        | Killed an acid dragon
   897 | D        | Reached ** piety under Makhleb
   898 | D        | Reached XP level 8. HP: 30/54 MP: 0/0
  1028 | D        | Noticed a troll
  1028 | D        | Noticed a troll
  1028 | D        | Noticed a cyclops
  1028 | D        | Noticed a slime creature
  1028 | D        | Noticed a boulder beetle
  1037 | D        | Reached skill level 1 in Short Blades
  1053 | D        | Killed a troll
  1058 | D        | Killed a troll
  1059 | D        | Reached skill level 10 in Spellcasting
  1228 | D        | Slain by a cyclops

Illustrated notes

Levels and vault maps discovered:
D:        linesprint [early_d, line_temple, items_1, d_10, items_2, lair_1,
          lair_end, items_3, orc_1, orc_end, items_4, d_15, swamp_1, shoals_1,
          snake_1, spider_1, d_20, vaults_1, items_5, swamp_end, shoals_end,
          snake_end, spider_end, vaults_end, d_27, items_6, zot_1, zot_end,
          crypt_end, forest_end, elf_end, slime_end, tomb_end, abyss_end,
          pan_hell_end]

Skill      XL: |  1  2  3  4  5  6  7  8 |
---------------+-------------------------+-----
Armour         | 1 3 5 6 7 |  7.5
Spellcasting   | 3 4 7 8 9 10 | 10.0
Invocations    | 1 2 5 6 7 |  7.6
Dodging        | 3 4 5 6 |  6.3
Stealth        | 2 3 4 |  4.6
Fighting       | 1 2 |  2.5
Evocations     | 1 2 |  2.4
Short Blades   | 1 |  1.8

Action                   |  1- 3 |  4- 6 |  7- 9 || total
-------------------------+-------+-------+-------++-------
Melee: Rapier            |       |       |     5 ||     5
 Cast: Shock             |     5 |     8 |     4 ||    17
       Static Discharge  |     3 |     1 |     8 ||    12
       Swiftness         |       |     1 |     1 ||     2
       Ensorcelled Hiber |       |       |     9 ||     9
       Lesser Beckoning  |       |       |     1 ||     1
       Airstrike         |       |       |     2 ||     2
Evoke: Wand              |       |     4 |     5 ||     9
  Use: Potion            |       |     1 |     1 ||     2
       Scroll            |       |     1 |     1 ||     2
 Stab: Sleeping          |       |       |     4 ||     4
Armor: Chain mail        |       |       |     2 ||     2
       Robe              |       |       |     1 ||     1
       Acid dragon scale |       |       |     7 ||     7
Dodge: Dodged            |     5 |     1 |    20 ||    26

Table legend: (Time is in decaauts)
 A = Elapsed time spent in this place.
 B = Non-inter-level travel time spent in this place.
 C = Inter-level travel time spent in this place.
 D = Time resting spent in this place.
 E = Time spent auto-exploring this place.
 F = Levels seen in this place.
 G = Mean time per level.
                   A        B        C        D        E       F      G
               +--------+--------+--------+--------+--------+-----+--------+
         Total |   1223 |   1223 |      0 |    850 |     49 |   1 | 1223.0 |
       Dungeon |   1223 |   1223 |      0 |    850 |     49 |   1 | 1223.0 |
               +--------+--------+--------+--------+--------+-----+--------+

Top non-repeatable levels by time:
       D: 1223 daAuts
